 Dungeon Crawl Stone Soup version 0.18.1-6-gd335043 (webtiles) character file.

1430 MirrMurr the Ducker (level 8, -1/32 HPs)
             Began as a Felid Transmuter on May 18, 2016.
             Was a Priest of Lugonu.
             Slain by a wraith (8 damage)
             ... on level 8 of the Dungeon.
             The game lasted 00:30:22 (11097 turns).

MirrMurr the Ducker (Felid Transmuter)             Turns: 11097, Time: 00:30:24

Health: -1/32      AC:  5    Str:  9    XL:     8   Next: 44%
Magic:  14/14      EV: 22    Int: 15    God:    Lugonu [***...]
Gold:   247        SH:  0    Dex: 16    Spells: 4 memorised, 4 levels left
                                        Lives:  0   Deaths: 2

rFire  . . .     SeeInvis +       - Unarmed
rCold  . . .     Gourm    .     (armour unavailable)
rNeg   + . .     Faith    .     (shield unavailable)
rPois  .         Spirit   .     (helmet unavailable)
rElec  .         Dismiss  .     (cloak unavailable)
rCorr  .         Reflect  .     (gloves unavailable)
SustAt .         Harm     .     (boots unavailable)
MR     +....                    (no amulet)
Stlth  ++++......               n - ring of positive energy
                                q - +3 ring of protection

@: appendage (expiring), slowed, slow, somewhat resistant to hostile
enchantments, stealthy
A: no armour, no weapons or thrown items, claws 1, fangs 3, horns 2, see
invisible, carnivore 3, speed 1, shaggy fur 2, slow metabolism 1, sharp paws
a: End Transformation, Depart the Abyss, Bend Space, Banish, Renounce Religion


You were on level 8 of the Dungeon.
You worshipped Lugonu.
Lugonu was most pleased with you.
You were full.
You had grown temporary horns.
You visited 1 branch of the dungeon, and saw 8 of its levels.
You also visited: Sewer and Ossuary.

You collected 247 gold pieces.

Inventory:

Missiles
 a - 153 arrows
Jewellery
 n - a ring of positive energy (right paw)
 q - a +3 ring of protection (left paw)
 A - an uncursed amulet of regeneration {unknown}
Wands
 p - a wand of digging (12/24)
Scrolls
 e - 3 scrolls of blinking
 f - 3 scrolls of immolation
 g - 3 scrolls of teleportation
 h - 2 scrolls of recharging
 l - a scroll of remove curse
 s - a scroll of identify
Potions
 i - a potion of berserk rage
 j - 3 potions of flight
 m - 3 potions of curing
 r - 3 potions of haste
 u - a potion of magic
 v - 2 potions of agility
 x - 2 potions of might
 z - a potion of brilliance
Books
 b - a book of Changes

   Spells                             Type                      Level
   a - Beastly Appendage              Transmutation                1
   b - Sticks to Snakes               Transmutation                2
   c - Spider Form                    Transmutation/Poison         3
   d - Ice Form                       Ice/Transmutation            4
   e - Blade Hands                    Transmutation                5
Comestibles
 c - 2 meat rations
 d - 5 beef jerkies
 k - 3 royal jellies
 o - a slice of pizza


   Skills:
 - Level 1.0 Fighting
 - Level 6.9 Dodging
 - Level 6.9 Stealth
 - Level 6.3 Unarmed Combat
 + Level 3.5 Spellcasting
 * Level 5.4 Transmutations
 + Level 2.9 Ice Magic
 + Level 2.6 Poison Magic
 - Level 6.1 Invocations


You had 4 spell levels left.
You knew the following spells:

 Your Spells              Type           Power        Failure   Level  Hunger
a - Beastly Appendage     Trmt           ###...       1%          1    None
b - Sticks to Snakes      Trmt           ###.....     3%          2    ##.....
c - Spider Form           Trmt/Pois      ##........   14%         3    ###....
d - Ice Form              Ice/Trmt       ###.....     34%         4    ####...


Dungeon Overview and Level Annotations

Branches:
Dungeon (8/15)             Temple (0/1) D:5
   Lair: D:8-11

Altars:
Ashenzari
Dithmenos
Elyvilon
Kikubaaqudgha
Makhleb
Nemelex Xobeh
Pakellas
Vehumet
Xom
Zin
The Shining One
Lugonu

Shops:
D:4 =

Annotations:
D:4 GFox's ghost, novice HuFi
D:5 exclusion: statue


Innate Abilities, Weirdness & Mutations

You cannot wear armour.
You are incapable of wielding weapons or throwing items.
You have sharp claws.
You have razor-sharp teeth.
You have supernaturally acute eyesight.
You are carnivorous and can eat meat at any time.
You cover ground quickly.
You are covered in thick fur (AC +2).
You have a slow metabolism.
Your sharp claws are effective at attacking unaware monsters.
You have a pair of horns on your head.


Message History

You feel as though you will be slow longer.
You claw the wraith! You headbutt the wraith.
The wraith is severely damaged.
Your transformation is almost over.
The wraith misses you. x2
You scratch the wraith but do no damage.
The wraith is severely damaged.
The wraith hits you. The wraith drains your vigour!
You feel as though you will be slow longer.
You scratch the wraith.
The wraith is almost destroyed.
The wraith completely misses you.
You closely miss the wraith.
The wraith is almost destroyed.
The wraith hits you!
* * * LOW HITPOINT WARNING * * *
The wraith drains your vigour!
You feel as though you will be slow longer.
The wraith hits you!
You die...

#.####....#.# .8.....#.##.# #
#.####...#..# #. #
#.#.###..#.## #.###.
#.##.###.#.#
...#oo...####....###.###....#.#
#..#..#..#.......##...##)..##.#
#..#.o#.[# #.W.#..#..#.(###.#
#.....#..# #@..###........#
#...oO#..# ##.## ###..#####
#######..# #.######.########
.......).# ....(....(..<....
.......o.# ...##############.
#######o.# ..... #...$.#..#
#....# #.....#..# (#.##
#..#..#..#


You could see a wraith.

Vanquished Creatures
  The ghost of Blunderbuss the Covert, an amateur OpAs (Sewer)
  A black bear (D:6)
  An ice beast (D:5)
  A phantom (D:4)
  2 ogres
  2 centaurs (D:7)
  5 big kobolds (Sewer)
  4 giant frogs (D:7)
  A water moccasin zombie (D:5)
  6 killer bees (D:8)
  2 crimson imps (D:5)
  2 jellies
  A centaur zombie (Ossuary)
  2 human zombies (Ossuary)
  An orc priest (D:3)
  5 orc wizards
  A giant frog skeleton (D:7)
  4 worker ants
  A hound skeleton (D:5)
  4 mummies (Ossuary)
  A worker ant zombie (D:5)
  4 gnolls (D:4)
  14 adders
  2 river rats
  5 oozes
  6 worms
  3 dart slugs
  3 giant geckos
  16 orcs
  4 ball pythons
  3 bats
  6 giant cockroaches
  10 goblins
  6 hobgoblins
  7 jackals
  18 kobolds
  5 quokkas
  7 giant newts
  2 goblin zombies (Ossuary)
  A hobgoblin zombie (Ossuary)
  A jackal skeleton (D:6)
  A kobold zombie (Ossuary)
  A quokka zombie (D:6)
  14 rats
187 creatures vanquished.

Vanquished Creatures (collateral kills)
  2 orcs
  A gnoll zombie (Ossuary)
3 creatures vanquished.

Vanquished Creatures (others)
  A cyclops (D:8)
  An orc warrior (D:6)
  An electric eel (D:6)
  A crimson imp (D:8)
  2 orc priests
  A shadow imp (D:6)
7 creatures vanquished.

Grand Total: 197 creatures vanquished

Notes
Turn   | Place    | Note
--------------------------------------------------------------
     0 | D:1      | MirrMurr the Felid Transmuter began the quest for the Orb.
     0 | D:1      | Reached XP level 1. HP: 9/9 MP: 4/4
   255 | D:1      | Reached XP level 2. HP: 12/12 MP: 6/6
   259 | D:1      | Learned a level 2 spell: Sticks to Snakes
   780 | D:2      | Reached XP level 3. HP: 15/15 MP: 7/7
   920 | D:2      | Learned a level 3 spell: Spider Form
  2231 | D:2      | Reached XP level 4. HP: 9/19 MP: 8/8
  2401 | D:2      | Reached skill level 5 in Unarmed Combat
  3256 | D:3      | Reached XP level 5. HP: 22/22 MP: 9/9
  3579 | D:3      | Found a faded altar to an unknown god.
  3633 | D:3      | Became a worshipper of Lugonu the Unformed
  3633 | D:3      | Reached * piety under Lugonu
  3633 | D:3      | Reached ** piety under Lugonu
  3693 | D:4      | Noticed GFox's ghost (novice HuFi)
  4230 | D:4      | Noticed a phantom
  4231 | D:4      | Noticed a phantom
  4249 | D:4      | Found Dasapnum's Jewellery Shop.
  4288 | D:4      | Slain by GFox's ghost
  4289 | D:4      | Reached XP level 4. HP: -1/19 MP: 8/8
  4394 | D:4      | Found a sand-covered staircase.
  4398 | Ossuary  | Entered an ossuary
  4443 | Ossuary  | Reached skill level 1 in Stealth
  4443 | Ossuary  | Reached XP level 5. HP: 18/22 MP: 7/9
  4927 | D:4      | Gained mutation: You are covered in thick fur (AC +2). [Felid growth]
  4927 | D:4      | Reached XP level 6. HP: 15/25 MP: 8/10
  5075 | D:5      | Entered Level 5 of the Dungeon
  5536 | D:3      | Reached *** piety under Lugonu
  6064 | D:5      | Found a staircase to the Ecumenical Temple.
  6094 | D:5      | Reached skill level 5 in Dodging
  6127 | D:5      | Found a radiant altar of Vehumet.
  6264 | D:5      | Reached skill level 5 in Stealth
  6311 | D:5      | Reached XP level 7. HP: 22/28 MP: 9/11
  6404 | D:5      | Found a sparkling altar of Nemelex Xobeh.
  6990 | D:6      | Learned a level 4 spell: Ice Form
  7245 | D:6      | Found a glowing drain.
  7282 | Sewer    | Entered a sewer
  7579 | Sewer    | Reached skill level 1 in Invocations
  7587 | Sewer    | Noticed Blunderbuss's ghost (amateur OpAs)
  7612 | Sewer    | Killed Blunderbuss's ghost
  7920 | Sewer    | Reached XP level 8. HP: 23/32 MP: 12/12
  8345 | Sewer    | Reached skill level 5 in Invocations
  9255 | D:6      | Found a glowing golden altar of the Shining One.
  9255 | D:6      | Found a glowing silver altar of Zin.
  9255 | D:6      | Found a white marble altar of Elyvilon.
  9364 | D:6      | Reached skill level 1 in Ice Magic
  9423 | D:7      | Reached skill level 1 in Poison Magic
  9459 | D:7      | Found an oddly glowing altar of Pakellas.
  9484 | D:7      | Found an ancient bone altar of Kikubaaqudgha.
  9484 | D:7      | Found a shattered altar of Ashenzari.
  9484 | D:7      | Found a burning altar of Makhleb.
  9487 | D:7      | Found a shimmering altar of Xom.
  9488 | D:7      | Found a shadowy altar of Dithmenos.
  9665 | D:7      | Reached XP level 9. HP: 22/35 MP: 14/14
  9681 | D:7      | Reached **** piety under Lugonu
 10372 | D:8      | Noticed a cyclops
 10386 | D:8      | Banished a cyclops
 10467 | D:8      | Reached skill level 5 in Transmutations
 10873 | D:8      | HP: 1/35 [wraith (9)]
 10874 | D:8      | Slain by a wraith
 10875 | D:8      | Reached XP level 8. HP: -3/32 MP: 14/14
 10904 | D:8      | Noticed a two-headed ogre
 11097 | D:8      | Slain by a wraith

Skill      XL: |  1  2  3  4  5  6  7  8  9 |
---------------+----------------------------+-----
Unarmed Combat | 4 5 6 |  6.3
Dodging        | 3 4 5 6 |  6.9
Stealth        | 1 3 5 6 |  6.9
Invocations    | 3 6 |  6.1
Transmutations | 3 5 |  5.4
Ice Magic      | 1 2 |  2.9
Poison Magic   | 1 2 |  2.6
Spellcasting   | 3 |  3.5
Fighting       | |  1.0

Action                   |  1- 3 |  4- 6 |  7- 9 || total
-------------------------+-------+-------+-------++-------
Melee: Unarmed           |   103 |   246 |   352 ||   701
       Bite              |    10 |    18 |    26 ||    54
       Headbutt          |     4 |    39 |    37 ||    80
       Punch             |     1 |     4 |     5 ||    10
 Cast: Beastly Appendage |     7 |    40 |    46 ||    93
       Sticks to Snakes  |     2 |     7 |     5 ||    14
Invok: Bend Space        |       |     1 |       ||     1
       Banish            |       |       |     8 ||     8
  Use: Scroll            |       |    10 |    14 ||    24
       Potion            |       |     1 |     4 ||     5
 Stab: Sleeping          |     5 |     7 |    12 ||    24
       Distracted        |       |     2 |     1 ||     3
  Eat: Chunk             |     9 |    17 |    15 ||    41
Armor: Skin              |     3 |    14 |    22 ||    39
Dodge: Dodged            |    58 |   182 |   309 ||   549
